1897 views
Uploaded 2023-04-01 10:12:03
Game version 1.35 (6115)
23:27 long 3on3 ladder game on (6)UpperKingdom
Saved by GIGA
1897 views
Uploaded 2023-04-01 10:12:03
Game version 1.35 (6115)
23:27 long 3on3 ladder game on (6)UpperKingdom


76 units @ 7.4k
/ 1k
130 buildings @ 11k
/ 5.5k

| Peasant | 19 | 1425 | / | 0 |
| total: | 19 | 1425g | / | 0w |
| Scout Tower | 17 | 510 | / | 340 |
| Arcane Tower | 1 | 70 | / | 50 |
| Guard Tower | 3 | 210 | / | 150 |
| Altar of Kings | 1 | 180 | / | 50 |
| Farm | 5 | 400 | / | 100 |
| Lumber Mill | 2 | 240 | / | 0 |
| Town Hall | 2 | 770 | / | 410 |
| Keep | 2 | 640 | / | 420 |
| total: | 27 | 2100g | / | 900w |
| 0:03 | Peasant |
| 0:08 | Peasant |
| 0:13 | Altar of Kings |
| 0:15 | Peasant |
| 0:19 | Farm |
| 0:23 | Peasant |
| 0:35 | Lumber Mill |
| 0:37 | Peasant |
| 0:49 | Farm |
| 1:10 | Scout Tower |
| 1:12 | Peasant |
| 1:27 | Peasant |
| 1:33 | Peasant |
| 1:34 | Farm |
| 1:41 | Arcane Tower |
| 1:45 | Improved Lumber Harvesting |
| 2:04 | Peasant |
| 2:24 | Peasant |
| 2:25 | Peasant |
| 2:32 | Peasant |
| 2:35 | Scout Tower |
| 2:36 | Scout Tower |
| 2:39 | Peasant |
| 2:40 | Peasant |
| 3:01 | Peasant |
| 3:04 | Guard Tower |
| 3:21 | Town Hall |
| 3:50 | Peasant |
| 4:04 | Storm Bolt |
| 4:58 | Peasant |
| 5:20 | Peasant |
| 5:20 | Peasant |
| 5:29 | Improved Masonry |
| 5:48 | Keep |
| 6:56 | Scout Tower |
| 6:57 | Scout Tower |
| 6:57 | Scout Tower |
| 7:00 | Scout Tower |
| 7:31 | Guard Tower |
| 7:33 | Scout Tower |
| 7:34 | Scout Tower |
| 8:01 | Guard Tower |
| 10:19 | Town Hall |
| 14:32 | Keep |
| 14:36 | Farm |
| 14:37 | Farm |
| 19:47 | Lumber Mill |
| 19:49 | Scout Tower |
| 19:50 | Scout Tower |
| 19:51 | Scout Tower |
| 19:51 | Scout Tower |
| 19:52 | Scout Tower |
| 19:53 | Scout Tower |
| 19:54 | Scout Tower |
| 19:54 | Scout Tower |
| Right click | 1383 |
| Select group | 410 |
| Select | 341 |
| Misc. action | 47 |
| Use ability | 40 |
| Build/train/purchase | 36 |
| Resource trade | 31 |
| Assign group | 19 |
| Esc | 1 |
| Minimap ping | 1 |


| Scroll of Regeneration | 1 | 100 |
| Staff of Sanctuary | 1 | 250 |
| total: | 2 | 350g |
| Peasant | 16 | 1200 | / | 0 |
| Flying Machine | 15 | 1500 | / | 450 |
| Mortar Team | 4 | 720 | / | 280 |
| Gryphon Rider | 4 | 1120 | / | 280 |
| total: | 39 | 4540g | / | 1010w |
| Scout Tower | 42 | 1260 | / | 840 |
| Arcane Tower | 4 | 280 | / | 200 |
| Guard Tower | 19 | 1330 | / | 950 |
| Altar of Kings | 2 | 360 | / | 100 |
| Farm | 17 | 1360 | / | 340 |
| Lumber Mill | 1 | 120 | / | 0 |
| Blacksmith | 2 | 280 | / | 120 |
| Arcane Vault | 1 | 130 | / | 30 |
| Cannon Tower | 4 | 480 | / | 400 |
| Gryphon Aviary | 1 | 140 | / | 150 |
| Workshop | 4 | 560 | / | 560 |
| Keep | 1 | 320 | / | 210 |
| Castle | 1 | 360 | / | 210 |
| total: | 70 | 4210g | / | 2140w |
| 0:02 | Peasant |
| 0:02 | Peasant |
| 0:05 | Altar of Kings |
| 0:07 | Altar of Kings |
| 0:13 | Farm |
| 0:13 | Farm |
| 0:15 | Peasant |
| 0:23 | Peasant |
| 0:36 | Peasant |
| 0:49 | Peasant |
| 1:18 | Peasant |
| 1:18 | Peasant |
| 1:18 | Peasant |
| 1:21 | Farm |
| 1:27 | Lumber Mill |
| 1:32 | Peasant |
| 1:35 | Scout Tower |
| 1:37 | Scout Tower |
| 1:50 | Peasant |
| 2:02 | Arcane Tower |
| 2:06 | Peasant |
| 3:13 | Storm Bolt |
| 3:21 | Guard Tower |
| 3:29 | Scout Tower |
| 3:29 | Scout Tower |
| 3:30 | Scout Tower |
| 3:30 | Scout Tower |
| 3:31 | Scout Tower |
| 3:32 | Scout Tower |
| 3:32 | Scout Tower |
| 3:33 | Scout Tower |
| 3:47 | Scout Tower |
| 3:48 | Scout Tower |
| 3:50 | Scout Tower |
| 3:51 | Peasant |
| 3:51 | Peasant |
| 4:05 | Scout Tower |
| 4:06 | Peasant |
| 4:06 | Peasant |
| 4:30 | Guard Tower |
| 4:32 | Guard Tower |
| 4:34 | Scout Tower |
| 4:59 | Improved Masonry |
| 5:01 | Keep |
| 5:02 | Guard Tower |
| 5:13 | Improved Lumber Harvesting |
| 5:20 | Guard Tower |
| 5:23 | Arcane Tower |
| 5:30 | Scout Tower |
| 5:35 | Scout Tower |
| 5:44 | Guard Tower |
| 5:49 | Scout Tower |
| 5:51 | Scout Tower |
| 5:54 | Scout Tower |
| 6:01 | Arcane Tower |
| 6:13 | Arcane Tower |
| 6:20 | Scout Tower |
| 6:30 | Farm |
| 6:56 | Guard Tower |
| 6:59 | Scout Tower |
| 7:04 | Scout Tower |
| 7:11 | Farm |
| 7:32 | Guard Tower |
| 7:33 | Guard Tower |
| 7:35 | Scout Tower |
| 7:39 | Guard Tower |
| 7:59 | Scout Tower |
| 8:01 | Advanced Masonry |
| 8:04 | Castle |
| 8:11 | Gryphon Aviary |
| 8:15 | Guard Tower |
| 8:32 | Holy Light |
| 8:48 | Blacksmith |
| 8:50 | Blacksmith |
| 9:07 | Guard Tower |
| 9:37 | Black Gunpowder |
| 9:40 | Workshop |
| 9:42 | Workshop |
| 9:42 | Workshop |
| 9:45 | Workshop |
| 9:56 | Scout Tower |
| 9:58 | Scout Tower |
| 9:59 | Scout Tower |
| 10:02 | Scout Tower |
| 10:25 | Arcane Vault |
| 10:26 | Guard Tower |
| 10:39 | Scout Tower |
| 10:40 | Scout Tower |
| 10:44 | Refined Gunpowder |
| 10:48 | Guard Tower |
| 10:50 | Flying Machine |
| 10:50 | Flying Machine |
| 10:50 | Flying Machine |
| 10:58 | Farm |
| 10:58 | Farm |
| 11:00 | Farm |
| 11:03 | Farm |
| 11:04 | Farm |
| 11:32 | Farm |
| 11:34 | Cloud |
| 11:36 | Cannon Tower |
| 11:38 | Guard Tower |
| 11:44 | Scout Tower |
| 11:47 | Imbued Masonry |
| 11:51 | Flying Machine |
| 11:52 | Flying Machine Bombs |
| 11:53 | Flak Cannons |
| 11:56 | Fragmentation Shards |
| 12:07 | Scout Tower |
| 12:07 | Scout Tower |
| 12:08 | Scout Tower |
| 12:15 | Scroll of Regeneration |
| 12:16 | Staff of Sanctuary |
| 12:38 | Guard Tower |
| 12:40 | Scout Tower |
| 12:44 | Flying Machine |
| 13:01 | Scout Tower |
| 13:01 | Scout Tower |
| 13:02 | Scout Tower |
| 13:06 | Farm |
| 13:07 | Farm |
| 13:11 | Mortar Team |
| 13:14 | Mortar Team |
| 13:21 | Flying Machine |
| 13:34 | Mortar Team |
| 13:39 | Cannon Tower |
| 13:44 | Guard Tower |
| 13:47 | Scout Tower |
| 13:48 | Scout Tower |
| 13:57 | Cannon Tower |
| 14:01 | Scout Tower |
| 14:27 | Flying Machine |
| 14:33 | Imbued Gunpowder |
| 14:48 | Cannon Tower |
| 14:50 | Guard Tower |
| 15:30 | Guard Tower |
| 15:46 | Flying Machine |
| 15:49 | Gryphon Rider |
| 15:52 | Gryphon Rider |
| 16:10 | Mortar Team |
| 16:52 | Gryphon Rider |
| 17:11 | Flying Machine |
| 17:13 | Flying Machine |
| 17:14 | Flying Machine |
| 17:19 | Farm |
| 17:23 | Farm |
| 18:00 | Storm Bolt |
| 18:04 | Flying Machine |
| 18:04 | Flying Machine |
| 18:04 | Flying Machine |
| 18:06 | Flying Machine |
| 18:16 | Gryphon Rider |
| 18:33 | Farm |
| 18:52 | Farm |
| 19:13 | Storm Hammers |
| 20:50 | Divine Shield |
| Right click | 980 |
| Select group | 446 |
| Select | 379 |
| Build/train/purchase | 94 |
| Minimap ping | 15 |
| Use ability | 13 |
| Assign group | 8 |
| Resource trade | 5 |
| Chat | 4 |
| Misc. action | 3 |
| Item give/drop | 2 |
| Esc | 2 |
Cabeelibob
(194)
(23:27) : 
| Healing Salve | 1 | 100 |
| total: | 1 | 100g |
| Peon | 17 | 1275 | / | 0 |
| Grunt | 1 | 200 | / | 0 |
| total: | 18 | 1475g | / | 0w |
| Watch Tower | 22 | 2420 | / | 1760 |
| Altar of Storms | 2 | 360 | / | 100 |
| Orc Burrow | 3 | 480 | / | 120 |
| Voodoo Lounge | 2 | 260 | / | 60 |
| War Mill | 1 | 205 | / | 0 |
| Barracks | 1 | 180 | / | 50 |
| Great Hall | 2 | 770 | / | 370 |
| Stronghold | 2 | 630 | / | 380 |
| total: | 33 | 4675g | / | 2460w |
| 0:05 | Altar of Storms |
| 0:09 | Orc Burrow |
| 0:10 | Peon |
| 0:12 | Peon |
| 0:20 | Peon |
| 0:26 | Peon |
| 0:35 | Peon |
| 0:52 | Peon |
| 1:04 | Voodoo Lounge |
| 1:05 | Peon |
| 1:29 | War Mill |
| 1:36 | Peon |
| 1:52 | Peon |
| 2:10 | Orc Burrow |
| 2:11 | Peon |
| 2:30 | Wind Walk |
| 2:38 | Peon |
| 2:45 | Watch Tower |
| 2:48 | Peon |
| 3:06 | Barracks |
| 3:07 | Peon |
| 3:10 | Peon |
| 3:45 | Watch Tower |
| 3:47 | Watch Tower |
| 3:51 | Watch Tower |
| 3:54 | Watch Tower |
| 4:33 | Grunt |
| 4:35 | Watch Tower |
| 4:57 | Watch Tower |
| 5:52 | Healing Salve |
| 7:13 | Bash |
| 7:14 | Bash |
| 7:15 | Critical Strike |
| 7:26 | Great Hall |
| 7:29 | Voodoo Lounge |
| 7:32 | Peon |
| 7:32 | Peon |
| 8:45 | Watch Tower |
| 8:45 | Watch Tower |
| 9:45 | Stronghold |
| 10:23 | Great Hall |
| 12:00 | Watch Tower |
| 12:01 | Watch Tower |
| 12:16 | Watch Tower |
| 12:17 | Watch Tower |
| 12:19 | Watch Tower |
| 12:19 | Watch Tower |
| 12:21 | Watch Tower |
| 12:23 | Watch Tower |
| 12:23 | Watch Tower |
| 12:24 | Watch Tower |
| 12:24 | Watch Tower |
| 12:41 | Wind Walk |
| 13:09 | Watch Tower |
| 13:13 | Watch Tower |
| 14:29 | Stronghold |
| 15:11 | Altar of Storms |
| 16:49 | Orc Burrow |
| 19:35 | Peon |
| Right click | 690 |
| Select | 157 |
| Resource trade | 92 |
| Misc. action | 67 |
| Select group | 60 |
| Build/train/purchase | 43 |
| Assign group | 19 |
| Use ability | 6 |
| Esc | 1 |
| Minimap ping | 1 |
103 units @ 15.5k
/ 2.7k
82 buildings @ 8.1k
/ 3.3k


| Peasant | 6 | 450 | / | 0 |
| Footman | 2 | 270 | / | 0 |
| Rifleman | 17 | 3485 | / | 510 |
| Mortar Team | 13 | 2340 | / | 910 |
| Priest | 3 | 405 | / | 30 |
| Sorceress | 1 | 155 | / | 20 |
| total: | 42 | 7105g | / | 1470w |
| Scout Tower | 3 | 90 | / | 60 |
| Arcane Tower | 1 | 70 | / | 50 |
| Guard Tower | 2 | 140 | / | 100 |
| Altar of Kings | 1 | 180 | / | 50 |
| Barracks | 1 | 160 | / | 60 |
| Farm | 12 | 960 | / | 240 |
| Lumber Mill | 1 | 120 | / | 0 |
| Blacksmith | 1 | 140 | / | 60 |
| Arcane Vault | 1 | 130 | / | 30 |
| Workshop | 1 | 140 | / | 140 |
| Arcane Sanctum | 1 | 150 | / | 140 |
| Keep | 1 | 320 | / | 210 |
| Castle | 1 | 360 | / | 210 |
| total: | 22 | 2070g | / | 780w |
| 0:04 | Peasant |
| 0:04 | Peasant |
| 0:22 | Altar of Kings |
| 0:35 | Peasant |
| 0:38 | Barracks |
| 0:43 | Farm |
| 0:45 | Peasant |
| 0:51 | Peasant |
| 1:11 | Peasant |
| 1:23 | Lumber Mill |
| 1:30 | Scout Tower |
| 1:36 | Farm |
| 1:41 | Footman |
| 1:57 | Arcane Tower |
| 2:16 | Footman |
| 2:20 | Blacksmith |
| 2:28 | Summon Water Elemental |
| 2:41 | Scout Tower |
| 2:49 | Farm |
| 2:57 | Farm |
| 3:12 | Guard Tower |
| 3:52 | Rifleman |
| 3:55 | Farm |
| 4:27 | Rifleman |
| 4:28 | Keep |
| 4:34 | Farm |
| 4:49 | Rifleman |
| 4:52 | Black Gunpowder |
| 5:23 | Farm |
| 5:25 | Rifleman |
| 5:27 | Studded Leather Armor |
| 5:48 | Rifleman |
| 6:04 | Scout Tower |
| 6:35 | Rifleman |
| 6:43 | Guard Tower |
| 6:49 | Farm |
| 6:51 | Long Rifles |
| 7:41 | Farm |
| 7:58 | Workshop |
| 8:10 | Summon Lava Spawn |
| 9:05 | Farm |
| 9:06 | Mortar Team |
| 9:06 | Mortar Team |
| 9:49 | Mortar Team |
| 10:11 | Brilliance Aura |
| 11:05 | Mortar Team |
| 11:23 | Rifleman |
| 11:23 | Rifleman |
| 11:23 | Rifleman |
| 11:45 | Arcane Vault |
| 12:15 | Mortar Team |
| 12:15 | Flare |
| 12:20 | Rifleman |
| 12:44 | Rifleman |
| 12:54 | Farm |
| 12:56 | Refined Gunpowder |
| 14:04 | Farm |
| 14:06 | Mortar Team |
| 14:07 | Castle |
| 15:28 | Mortar Team |
| 15:28 | Mortar Team |
| 15:29 | Rifleman |
| 15:29 | Rifleman |
| 15:48 | Arcane Sanctum |
| 16:12 | Incinerate |
| 16:38 | Rifleman |
| 16:40 | Mortar Team |
| 16:41 | Fragmentation Shards |
| 17:05 | Priest |
| 17:05 | Sorceress |
| 17:37 | Priest Adept Training |
| 17:40 | Mortar Team |
| 18:40 | Summon Water Elemental |
| 18:56 | Summon Lava Spawn |
| 19:02 | Priest |
| 19:03 | Priest |
| 19:04 | Mortar Team |
| 19:06 | Rifleman |
| 19:06 | Rifleman |
| 19:26 | Priest Master Training |
| 19:31 | Improved Lumber Harvesting |
| 20:24 | Rifleman |
| 20:30 | Reinforced Leather Armor |
| 22:06 | Brilliance Aura |
| 22:48 | Mortar Team |
| 22:48 | Mortar Team |
| Right click | 743 |
| Select | 503 |
| Build/train/purchase | 137 |
| Use ability | 27 |
| Misc. action | 11 |
| Minimap ping | 7 |


| Lesser Clarity Potion | 4 | 280 |
| Scroll of Regeneration | 1 | 100 |
| total: | 5 | 380g |
| Peasant | 12 | 900 | / | 0 |
| Footman | 7 | 945 | / | 0 |
| Knight | 9 | 2205 | / | 540 |
| total: | 28 | 4050g | / | 540w |
| Altar of Kings | 1 | 180 | / | 50 |
| Farm | 11 | 880 | / | 220 |
| Barracks | 2 | 320 | / | 120 |
| Arcane Vault | 1 | 130 | / | 30 |
| Blacksmith | 1 | 140 | / | 60 |
| Lumber Mill | 1 | 120 | / | 0 |
| Town Hall | 2 | 770 | / | 410 |
| Keep | 1 | 320 | / | 210 |
| Castle | 1 | 360 | / | 210 |
| total: | 19 | 2540g | / | 890w |
| 0:03 | Peasant |
| 0:12 | Altar of Kings |
| 0:16 | Farm |
| 0:19 | Peasant |
| 0:33 | Peasant |
| 0:42 | Peasant |
| 0:48 | Farm |
| 0:52 | Barracks |
| 1:08 | Peasant |
| 1:26 | Peasant |
| 1:31 | Peasant |
| 1:42 | Arcane Vault |
| 1:45 | Peasant |
| 1:54 | Footman |
| 2:06 | Footman |
| 2:09 | Barracks |
| 2:14 | Summon Water Elemental |
| 2:31 | Farm |
| 2:40 | Footman |
| 3:07 | Lesser Clarity Potion |
| 3:11 | Footman |
| 3:13 | Farm |
| 3:54 | Footman |
| 3:56 | Farm |
| 4:30 | Keep |
| 4:36 | Lesser Clarity Potion |
| 4:36 | Scroll of Regeneration |
| 4:36 | Lesser Clarity Potion |
| 5:10 | Footman |
| 5:18 | Blacksmith |
| 5:26 | Defend |
| 5:51 | Lumber Mill |
| 5:53 | Footman |
| 6:33 | Farm |
| 6:56 | Iron Plating |
| 6:57 | Castle |
| 7:50 | Farm |
| 9:02 | Steel Plating |
| 9:56 | Knight |
| 10:10 | Brilliance Aura |
| 10:35 | Knight |
| 10:37 | Farm |
| 10:38 | Farm |
| 10:41 | Animal War Training |
| 10:44 | Iron Forged Swords |
| 11:22 | Knight |
| 11:28 | Holy Light |
| 12:00 | Summon Water Elemental |
| 12:08 | Knight |
| 12:10 | Farm |
| 12:11 | Farm |
| 12:27 | Divine Shield |
| 13:04 | Steel Forged Swords |
| 14:24 | Knight |
| 14:25 | Mithril Plating |
| 15:10 | Knight |
| 15:43 | Knight |
| 17:09 | Knight |
| 17:16 | Mithril Forged Swords |
| 18:14 | Knight |
| 18:33 | Brilliance Aura |
| 18:41 | Town Hall |
| 18:48 | Lesser Clarity Potion |
| 19:24 | Town Hall |
| 19:29 | Holy Light |
| 23:11 | Divine Shield |
| 23:14 | Peasant |
| 23:14 | Peasant |
| 23:14 | Peasant |
| 23:14 | Peasant |
| Right click | 875 |
| Select group | 695 |
| Select | 244 |
| Build/train/purchase | 84 |
| Misc. action | 76 |
| Assign group | 33 |
| Use ability | 21 |
| Minimap ping | 16 |
| Chat | 4 |
| Esc | 3 |
| Item give/drop | 1 |


| Scroll of Regeneration | 2 | 200 |
| Orb of Fire | 1 | 325 |
| Potion of Healing | 1 | 150 |
| Lesser Clarity Potion | 1 | 70 |
| Scroll of Town Portal | 2 | 700 |
| total: | 7 | 1445g |
| Peasant | 14 | 1050 | / | 0 |
| Footman | 7 | 945 | / | 0 |
| Siege Engine | 11 | 2145 | / | 660 |
| Mortar Team | 1 | 180 | / | 70 |
| total: | 33 | 4320g | / | 730w |
| Scout Tower | 19 | 570 | / | 380 |
| Arcane Tower | 2 | 140 | / | 100 |
| Guard Tower | 10 | 700 | / | 500 |
| Altar of Kings | 1 | 180 | / | 50 |
| Farm | 12 | 960 | / | 240 |
| Barracks | 1 | 160 | / | 60 |
| Lumber Mill | 1 | 120 | / | 0 |
| Arcane Vault | 1 | 130 | / | 30 |
| Blacksmith | 1 | 140 | / | 60 |
| Town Hall | 2 | 770 | / | 410 |
| Workshop | 3 | 420 | / | 420 |
| Keep | 1 | 320 | / | 210 |
| Castle | 1 | 360 | / | 210 |
| total: | 41 | 3450g | / | 1650w |
| 0:04 | Altar of Kings |
| 0:07 | Farm |
| 0:08 | Peasant |
| 0:08 | Peasant |
| 0:22 | Peasant |
| 0:26 | Barracks |
| 0:40 | Peasant |
| 0:48 | Peasant |
| 1:00 | Farm |
| 1:11 | Peasant |
| 1:26 | Farm |
| 1:34 | Peasant |
| 1:34 | Peasant |
| 1:45 | Scout Tower |
| 1:46 | Footman |
| 2:07 | Summon Water Elemental |
| 2:10 | Footman |
| 2:12 | Peasant |
| 2:16 | Arcane Tower |
| 2:34 | Lumber Mill |
| 2:37 | Footman |
| 3:46 | Keep |
| 3:47 | Improved Lumber Harvesting |
| 4:47 | Arcane Vault |
| 4:52 | Footman |
| 5:05 | Brilliance Aura |
| 5:19 | Footman |
| 5:19 | Footman |
| 5:53 | Farm |
| 5:57 | Farm |
| 5:58 | Farm |
| 6:00 | Farm |
| 7:40 | Castle |
| 7:48 | Blacksmith |
| 7:55 | Scout Tower |
| 7:57 | Scout Tower |
| 8:02 | Town Hall |
| 8:24 | Arcane Tower |
| 8:58 | Workshop |
| 9:00 | Workshop |
| 9:03 | Workshop |
| 9:24 | Iron Plating |
| 9:26 | Advanced Lumber Harvesting |
| 9:51 | Guard Tower |
| 10:06 | Siege Engine |
| 10:12 | Siege Engine |
| 10:15 | Farm |
| 10:17 | Farm |
| 10:17 | Farm |
| 10:21 | Farm |
| 10:21 | Farm |
| 10:24 | Summon Water Elemental |
| 10:38 | Black Gunpowder |
| 10:56 | Scroll of Regeneration |
| 11:00 | Scroll of Town Portal |
| 11:00 | Orb of Fire |
| 11:14 | Footman |
| 11:44 | Siege Engine |
| 11:51 | Peasant |
| 11:51 | Peasant |
| 11:52 | Peasant |
| 12:01 | Holy Light |
| 12:10 | Barrage |
| 12:13 | Siege Engine |
| 12:25 | Peasant |
| 12:25 | Peasant |
| 12:35 | Steel Plating |
| 12:52 | Siege Engine |
| 13:58 | Scout Tower |
| 13:59 | Scout Tower |
| 14:00 | Scout Tower |
| 14:18 | Brilliance Aura |
| 15:12 | Siege Engine |
| 15:12 | Siege Engine |
| 15:20 | Devotion Aura |
| 16:33 | Siege Engine |
| 16:36 | Mithril Plating |
| 16:49 | Siege Engine |
| 17:27 | Refined Gunpowder |
| 17:30 | Mortar Team |
| 17:36 | Siege Engine |
| 18:09 | Scroll of Regeneration |
| 18:22 | Scout Tower |
| 18:24 | Scout Tower |
| 18:25 | Scout Tower |
| 18:26 | Scout Tower |
| 18:27 | Scout Tower |
| 18:31 | Town Hall |
| 18:35 | Scroll of Town Portal |
| 18:36 | Potion of Healing |
| 18:37 | Lesser Clarity Potion |
| 19:06 | Guard Tower |
| 19:07 | Guard Tower |
| 19:09 | Guard Tower |
| 19:26 | Imbued Gunpowder |
| 19:57 | Scout Tower |
| 19:58 | Scout Tower |
| 19:59 | Scout Tower |
| 20:00 | Scout Tower |
| 20:03 | Scout Tower |
| 20:05 | Scout Tower |
| 20:06 | Scout Tower |
| 20:07 | Scout Tower |
| 20:35 | Guard Tower |
| 20:58 | Guard Tower |
| 21:26 | Guard Tower |
| 21:38 | Guard Tower |
| 21:46 | Guard Tower |
| 21:51 | Guard Tower |
| 22:32 | Siege Engine |
| Right click | 822 |
| Select | 405 |
| Build/train/purchase | 110 |
| Minimap ping | 27 |
| Use ability | 17 |
| Misc. action | 10 |
| Chat | 4 |
| Remove unit | 3 |
| Item give/drop | 1 |
⇛